Map: Catalyst LE

Players

Test - Winner!

  • Race: Terran Terran
  • League: Gold
  • Spawn Location: 5:00

Bob

  • Race: Protoss Protoss
  • League: Platinum
  • Spawn Location: 11:00

VOD

Have the link to the VOD?

Description

Time

  • Played on: May 16, 2018, 5:03 p.m.
  • Length: 5:52
Show
View Real Time Build Order
Export as new Build Order

Test Terran - Winner!

Build Orders:  

Get SALT Encoding   

  12  0:00  SCV  
  13  0:12  SCV  
  14  0:21  Supply Depot  
  14  0:25  SCV  
  15  0:43  SCV  
  15  0:44  Barracks  
  16  0:52  Refinery  
  16  0:55  SCV  
  17  1:04  Barracks  
  17  1:09  SCV  
  18  1:37  Marine  
  19  1:40  Barracks  
  19  1:45  SCV, Barracks  
  20  1:56  Supply Depot  
  20  1:57  Barracks Tech Lab  
  20  2:00  SCV  
  21  2:02  Marine  
  22  2:17  Engineering Bay  
  22  2:18  Marine  
  23  2:22  Barracks Reactor  
  23  2:34  Orbital Command  
  23  2:38  Marine  
  23  2:41  Barracks Reactor  
  24  2:52  Barracks Reactor  
  24  2:56  Marine  
  25  3:06  Marine  
  25  3:09  Marine  
  25  3:12  Supply Depot  
  27  3:14  Marine  
  27  3:18  Marine x2  
  30  3:30  Stimpack  
  30  3:31  Marine  
  30  3:34  Marine x2  
  33  3:36  Supply Depot  
  33  3:42  Marine x2  
  35  3:51  Marine  
  35  3:55  Barracks  
  36  3:59  Marine  
  36  4:00  Marine  
  38  4:11  Marine  
  38  4:13  Marine  
  40  4:22  Marine x2  
  42  4:28  Marine x2  
  42  4:39  Marine  
  42  4:40  Marine  
  42  4:42  Marine x2  
  43  4:49  Marine x3  
  46  4:56  Marine  
  47  5:04  Marine  
  47  5:06  Marine  
  47  5:08  Supply Depot  
  47  5:22  Marine  
  47  5:26  Barracks Tech Lab  
  47  5:30  Marine x3  
Show
View Real Time Build Order
Export as new Build Order

Bob Protoss 

Build Orders:  

Get SALT Encoding   

  12  0:01  Probe  
  13  0:18  Pylon  
  13  0:19  Probe  
  14  0:31  Probe  
  15  0:38  Gateway  
  15  0:40  Probe  
  15  0:48  Probe  
  16  0:51  Assimilator  
  17  0:57  Probe  
  18  1:09  Probe  
  19  1:49  Pylon, Nexus  
  19  1:58  Probe  
  19  2:00  Cybernetics Core  
  19  2:02  Assimilator  
  19  2:05  Pylon  
  19  2:06  Probe  
  21  2:15  Probe  
  22  2:28  Probe  
  23  2:32  Stalker  
  25  2:41  Warp Gate  
  26  2:44  Probe  
  26  2:56  Stalker, Probe  
  27  3:01  Probe  
  30  3:08  Probe  
  31  3:14  Probe  
  32  3:20  Probe  
  32  3:21  Twilight Council  
  32  3:22  Pylon  
  32  3:23  Stalker  
  32  3:26  Probe  
  36  3:32  Probe  
  37  3:38  Probe  
  38  3:41  Gateway  
  38  3:43  Gateway  
  38  3:44  Probe  
  38  3:46  Stalker  
  39  3:48  Charge  
  39  3:50  Probe  
  42  3:58  Pylon  
  42  4:08  Dark Shrine  
  42  4:18  Assimilator  
  42  4:22  Assimilator  
  38  4:26  Stalker  
  24  4:57  Stalker x2  
  28  5:05  Probe  
  28  5:06  Probe  
  26  5:14  Stalker  
  26  5:18  Probe  
  28  5:25  Probe  
  23  5:30  Probe  
  23  5:33  Probe  
Tags
 
Add a new tag
Caveats
  • Supply blocks, unpowered buildings, or Contaminate may cause inaccurate times.
  • Supply counts are checked every 10 seconds.